 Dungeon Crawl Stone Soup version 0.29-a0-837-g174bc33265 (webtiles) character file.

Game seed: 571441199929839365

48 Ijustatesigmund the Firebug (level 3, -3/23 (26) HPs)
             Began as a Hill Orc Fire Elementalist on July 13, 2022.
             Slain by Terence
             ... wielding the +7 Throatcutter {drain, coup de grace}
              (6 damage)
             ... on level 3 of the Dungeon.
             The game lasted 00:02:45 (2135 turns).

Ijustatesigmund the Firebug (HOFE)                  Turns: 2135, Time: 00:02:45

HP:   -3/23 (26)    AC:  9    Str: 10    XL:     3   Next: 72%
MP:   3/6           EV: 12    Int: 17    God:
Gold: 115           SH:  0    Dex: 11    Spells: 5/6 levels left

rFire   + . .      SeeInvis .   e - +1 mace (protect)
rCold   + . .      Faith    .   (no shield)
rNeg    . . .      Spirit   .   a - +0 robe
rPois   +          Reflect  .   (no helmet)
rElec   +          Harm     .   (no cloak)
rCorr   +          Rampage  .   (no gloves)
Will    +....                   (no boots)
Stlth   ++........              (no amulet)
HPRegen 0.07/turn               c - ring of willpower
MPRegen 0.10/turn               g - +4 ring of slaying

@: resistant, under a protective aura, heavily drained
A: no striking features
a: no special abilities


You were on level 3 of the Dungeon.
You visited 1 branch of the dungeon, and saw 3 of its levels.

You collected 115 gold pieces.

Inventory:

Hand Weapons
 e - a +1 mace of protection (weapon)
Armour
 a - a +0 robe (worn)
Jewellery
 c - a ring of willpower (left hand)
 g - a +4 ring of slaying (right hand)
 h - a +4 ring of slaying
Wands
 k - a wand of flame (7)
Scrolls
 f - 2 scrolls of amnesia {unknown}
 i - a scroll of identify {unknown}
Potions
 b - a potion of magic
 d - 2 potions of resistance
 j - a potion of heal wounds {unknown}


   Skills:
 - Level 1.5 Dodging
 - Level 1.5 Stealth
 + Level 2.4 Spellcasting
 - Level 1.0 Conjurations
 + Level 4.2 Fire Magic


You had 5 spell levels left.
You knew the following spells:

 Your Spells              Type           Power      Damage    Failure   Level
a - Foxfire               Conj/Fire      44%        2x1d6     6%          1

Your spell library contained the following spells:

 Spells                   Type           Power      Damage    Failure   Level
 Scorch                   Fire           32%        2d7       4%          2
 Conjure Flame            Conj/Fire      11%        6-21      19%         3
 Inner Flame              Hex/Fire       9%         N/A       24%         3
 Flame Wave               Conj/Fire      11%        2d5       54%         4
 Fulminant Prism          Conj/Hex       1%         3d6       83%         4
 Iskenderun's Mystic Bla  Conj/Tloc      3%         2d3       83%         4
 Lee's Rapid Deconstruct  Erth           1%         3d5*      99%         5


Dungeon Overview and Level Annotations

Branches:
Dungeon (3/15)

Altars:
Nemelex Xobeh

Annotations:
D:3 Terence


Message History

You are very lightly contaminated with residual magic.
Nothing appears to happen.
Terence shouts!
Casting: Foxfire (safe; 6% risk of failure)
Confirm with . or Enter, or press ? or * to list all spells.
You conjure some foxfire!
The foxfire hits Terence but does no damage.
The foxfire hits Terence.
Terence is lightly wounded.
Casting: Foxfire (safe; 6% risk of failure)
Confirm with . or Enter, or press ? or * to list all spells.
You conjure some foxfire!
The foxfire hits Terence but does no damage.
Terence is lightly wounded.
The foxfire hits Terence.
Terence is moderately wounded.
Casting: Foxfire (safe; 6% risk of failure)
Confirm with . or Enter, or press ? or * to list all spells.
You conjure some foxfire!
The foxfire hits Terence but does no damage.
Terence is moderately wounded.
The foxfire hits Terence but does no damage.
Terence is moderately wounded.
Your magical contamination has completely faded away.
You hit Terence.
Your weapon exudes an aura of protection.
Terence is heavily wounded.
Terence hits you but does no damage.
You feel drained.
You hit Terence. Your punch misses Terence.
Terence is severely wounded.
Terence hits you with the +7 Throatcutter {drain, coup de grace}!
Ouch! That really hurt!
You feel drained.
* * * LOW HITPOINT WARNING * * *
You are too injured to fight recklessly!
You are too injured to fight recklessly!
It was a potion of resistance.
You feel protected.
Terence hits you with the +7 Throatcutter {drain, coup de grace}.
You die...

#........#
#........#
#......).#
#........#
#........#
#.<......# ###
######........#
.....#.............#
......@@...........#
...........>.####..#
.............# ..
.............# .
.............#
..........)..#
.............#
..............


You could see Terence.

Vanquished Creatures
  An orc (D:2)
  4 endoplasms
  3 giant cockroaches
  6 goblins
  5 hobgoblins
  3 jackals (D:2)
  4 quokkas
  2 ball pythons
  4 bats
  2 frilled lizards (D:2)
  2 kobolds (D:1)
  4 rats
40 creatures vanquished.

Vanquished Creatures (others)
  113 foxfires
113 creatures vanquished.

Grand Total: 153 creatures vanquished

Notes
Turn   | Place    | Note
-------+----------+-------------------------------------------
     0 | D:1      | Ijustatesigmund the Hill Orc Fire Elementalist began the
                  | quest for the Orb.
     0 | D:1      | Reached XP level 1. HP: 14/14 MP: 3/3
   275 | D:1      | Found a faded altar of an unknown god.
   409 | D:1      | Reached XP level 2. HP: 20/20 MP: 0/4
   861 | D:1      | Reached XP level 3. HP: 26/26 MP: 4/6
   905 | D:1      | Reached skill level 4 in Fire Magic
  1610 | D:2      | Found a sparkling altar of Nemelex Xobeh.
  2125 | D:3      | Noticed Terence
  2135 | D:3      | Slain by Terence

Illustrated notes

Levels and vault maps discovered:
D:1:      onia_arrival_mini_maze, layout_basic,
          hellmonk_ecumenical_altar_zigzags, dreamdust_princess_bridge,
          kennysheep_decorative_pillar
D:2:      layout_loops_ring, basic_altar
D:3:      layout_rooms, roderic_batcave, uniq_terence

Skill      XL: |  1  2  3 |
---------------+----------+-----
Spellcasting   | 2 |  2.4
Fire Magic     | 4 |  4.2
Dodging        | |  1.5
Stealth        | |  1.5
Conjurations   | |  1.0

Action                   || total
-------------------------++-------
Melee: Unarmed           ||     3
       Punch             ||     1
       Long sword        ||    15
       Mace              ||    17
 Cast: Foxfire           ||    68
  Use: Potion            ||     2
       Scroll            ||     2
 Stab: Sleeping          ||     2
Armor: Robe              ||     7
Dodge: Dodged            ||    36

Table legend: (Time is in decaauts)
 A = Elapsed time spent in this place.
 B = Non-inter-level travel time spent in this place.
 C = Inter-level travel time spent in this place.
 D = Time resting spent in this place.
 E = Time spent auto-exploring this place.
 F = Levels seen in this place.
 G = Mean time per level.
                   A        B        C        D        E       F      G
               +--------+--------+--------+--------+--------+-----+--------+
         Total |   2146 |   2092 |     54 |     81 |   1710 |   3 |  715.3 |
       Dungeon |   2146 |   2092 |     54 |     81 |   1710 |   3 |  715.3 |
               +--------+--------+--------+--------+--------+-----+--------+

Top non-repeatable levels by time:
     D:2: 1056 daAuts
     D:1: 973 daAuts
     D:3: 116 daAuts
